 Dungeon Crawl Stone Soup version 0.19-a0-1442-g3b32ff5 (webtiles) character file.

117 shnurlf the Skirmisher (level 4, -4/36 HPs)
             Began as a Mummy Monk on Sept 5, 2016.
             Slain by an ogre
             ... wielding a +0 giant spiked club
              (22 damage)
             ... on level 4 of the Dungeon.
             The game lasted 00:12:07 (4307 turns).

shnurlf the Skirmisher (Mummy Monk)                 Turns: 4307, Time: 00:12:08

Health: -4/36      AC:  1    Str: 14    XL:     4   Next: 71%
Magic:  4/4        EV: 13    Int:  9    God:
Gold:   177        SH:  0    Dex: 15    Spells: 0 memorised, 3 levels left

rFire  x . .     SeeInvis .       - Unarmed
rCold  + . .     Gourm    .     (no armour)
rNeg   + + +     Faith    .     (no shield)
rPois  ∞         Spirit   .     i - +0 hat
rElec  .         Dismiss  .     (no cloak)
rCorr  .         Reflect  .     c - +0 pair of gloves
MR     .....     Harm     .     (no boots)
Stlth  ++........               (no amulet)
                                (no ring)
                                (no ring)

@: no status effects
A: no food or potions, fire vulnerability, cold resistance 1, negative energy
resistance 3, torment resistance, unbreathing
a: no special abilities


You were on level 4 of the Dungeon.
You were not hungry.

You visited 1 branch of the dungeon, and saw 4 of its levels.

You collected 177 gold pieces.

Inventory:

Armour
 c - a +0 pair of gloves (worn)
 i - a +0 hat (worn)
Jewellery
 b - an uncursed ring of teleportation
 h - an uncursed amulet of the gourmand {unknown}
Scrolls
 a - a scroll of fog
 d - 3 scrolls of identify
 f - a scroll of random uselessness {unknown}
 g - a scroll of blinking {unknown}


   Skills:
 + Level 3.6 Fighting
 - Level 2.4 Dodging
 + Level 2.6 Stealth
 * Level 3.6 Unarmed Combat


You had 3 spell levels left.
You didn't know any spells.

Dungeon Overview and Level Annotations

Branches:
Dungeon (4/15)
 Temple: D:4-7

Altars:


Innate Abilities, Weirdness & Mutations

You do not eat or drink.
Your flesh is vulnerable to fire.
You are immune to poison.
Your flesh is cold resistant. (rC+)
You are immune to negative energy. (rN+++)
You are immune to unholy pain and torment.
You can survive without breathing.


Message History

The howler monkey is almost dead.
The howler monkey hits you.
You completely miss the howler monkey.
The howler monkey is almost dead.
The howler monkey barely misses you. The howler monkey hits you.
* * * LOW HITPOINT WARNING * * *
You hit the howler monkey.
You kill the howler monkey!
You start resting.
HP restored.
There is a stone staircase leading down here.
You climb downwards.
The ogre hits you with a giant spiked club!
The orc wizard hits you with a dagger.
There is a stone staircase leading up here.
As you read the scroll of fog, it crumbles to dust.
The scroll dissolves into smoke.
The ogre hits you with a giant spiked club!!
Ouch! That really hurt!
You die...

.# #. . #..# #. .# #..# #.#
#.##.# #..# +.## ##...#.## . ..#
#..# ##........ #.# #.# #..#
##.......##
....###.###+###§§####.........##.
..............§§o§§.'...........
....###.......§O@####.........#
#.# ##.#.....§§# ##.......# #
#.#....§§.# ##.....## #.#.......#
##...## #.........## ##'##
#####......# #.# ######.#
#####.##### #.# #.........# #.#
#.##...##.#


You could see an ogre and an orc wizard.

Vanquished Creatures
  A howler monkey (D:3)
  2 adders
  An ooze (D:3)
  A dart slug (D:1)
  2 giant geckos (D:1)
  A ball python (D:1)
  8 bats
  A giant cockroach (D:1)
  6 goblins
  8 hobgoblins
  2 jackals (D:1)
  2 quokkas (D:3)
  A giant gecko skeleton (D:4)
  2 giant newts (D:1)
  9 kobolds
  4 rats
51 creatures vanquished.

Notes
Turn   | Place    | Note
-------+----------+-------------------------------------------
     0 | D:1      | shnurlf the Mummy Monk began the quest for the Orb.
     0 | D:1      | Reached XP level 1. HP: 18/18 MP: 1/1
   226 | D:1      | Reached XP level 2. HP: 22/24 MP: 2/2
  1057 | D:2      | Found a faded altar of an unknown god.
  1371 | D:1      | Reached XP level 3. HP: 15/29 MP: 3/3
  3572 | D:3      | Reached XP level 4. HP: 35/35 MP: 4/4
  4042 | D:4      | Noticed an ogre
  4307 | D:4      | Slain by an ogre

Vault maps used:
D:1:      dpeg_arrival_more_subterranean_lakeside_camping, serial_bayou_pond_a
D:2:      lemuel_coloured_pillars_altar, minitemple, ecumenical_altar_1
D:3:      first_bread
D:4:      lemuel_doored_altar, uniq_edmund

Skill      XL: |  1  2  3 |
---------------+----------+-----
Stealth        | 2 |  2.6
Unarmed Combat | 3 |  3.6
Fighting       | |  3.6
Dodging        | |  2.4

Action                   |  1- 3 |  4- 6 || total
-------------------------+-------+-------++-------
Melee: Unarmed           |   212 |    34 ||   246
       Punch             |     5 |       ||     5
  Use: Scroll            |     2 |     3 ||     5
 Stab: Sleeping          |     6 |       ||     6
       Distracted        |     1 |       ||     1
Armor: Skin              |    11 |     1 ||    12
Dodge: Dodged            |   132 |    20 ||   152
